AoeStats
← hardrock

Arena

507572481Analyzed
4v4 RM · 12d ago on Sep 18, 2026· 57m 8s· 8 players
Game mode
Random Map
Map size
Large (8 player)
Population
200
Speed
Normal
Resources
Standard
Victory
Conquest
Starting age
Dark Age
Ending age
Imperial Age
RankedLock teamsTeams togetherTeam positionsShared explorationLock speedFull tech treeHidden civsTurbo modeCheats
Victory
Defeat
🇹🇷 Britons · Türkiye
802
+15
🇬🇧 Persians · United Kingdom
776
+16
🇹🇷 Turks · Türkiye
771
+16
🇬🇧 Japanese · United Kingdom
762
+17
🇳🇴 Romans · Norway
816
-18
🇹🇷 Turks · Türkiye
813
-17
🇨🇱 Khmer · Chile
750
-15
🇲🇽 Persians · Mexico
737
-14
{C*}SIFIR
11:34 Feudal Age
12:48 Double-Bit Axe
20:30 Castle Age
21:43 Bow Saw
22:58 Caravan
33:30 Imperial Age
31:20 Padded Archer Armor
34:18 Elite Janissary
38:59 Leather Archer Armor
39:51 Sipahi
39:35 Gold Mining
42:27 Ring Archer Armor
42:21 Conscription
43:23 Ballistics
43:15 Fortified Wall
43:16 Masonry
44:57 Heated Shot
Hebele
10:23 Feudal Age
12:16 Double-Bit Axe
16:12 Castle Age
14:07 Horse Collar
17:36 Fletching
18:53 Padded Archer Armor
19:47 Town Watch
26:03 Ballistics
26:01 Bodkin Arrow
32:37 Imperial Age
33:58 Yeomen
36:32 Bracer
39:44 Chemistry
40:24 Leather Archer Armor
43:17 Warwolf
44:09 Elite Longbowman
45:33 Pikeman
46:31 Scale Mail Armor
46:41 Forging
46:36 Squires
48:13 Wheelbarrow
49:05 Ring Archer Armor
49:05 Arson
51:02 Conscription
50:05 Halberdier
51:36 Caravan
54:03 Murder Holes
54:14 Siege Engineers
55:04 Town Patrol
55:20 Hand Cart
57:34 Bow Saw
itamarmason11
12:23 Feudal Age
12:50 Feudal Age
12:22 Loom
17:23 Castle Age
15:47 Loom
18:53 Double-Bit Axe
32:01 Gold Mining
32:25 Bow Saw
31:58 Horse Collar
34:16 Pikeman
37:12 Husbandry
37:23 Bloodlines
36:35 Light Cavalry
44:36 Squires
49:00 Imperial Age
51:16 Imperial Age
_sonofamoll_
11:42 Feudal Age
15:20 Castle Age
13:08 Horse Collar
13:28 Double-Bit Axe
17:58 Wheelbarrow
19:36 Heavy Plow
22:20 Hand Cart
23:03 Bow Saw
26:42 Gold Mining
30:21 Imperial Age
28:22 Loom
28:45 Murder Holes
29:36 Gold Shaft Mining
31:28 Crop Rotation
32:01 Two-Man Saw
30:56 Stone Mining
32:00 Elite War Elephant
34:49 Chemistry
35:39 Scale Barding Armor
35:44 Forging
39:13 Stone Shaft Mining
riskmanager19
7:51 Loom
10:30 Feudal Age
11:10 Double-Bit Axe
14:33 Horse Collar
21:10 Castle Age
19:12 Stone Mining
20:37 Gold Mining
22:27 Bow Saw
22:21 Heavy Plow
22:59 Gold Shaft Mining
23:26 Wheelbarrow
29:31 Ballistas
30:16 Ballistics
30:10 Masonry
29:57 Murder Holes
31:00 Hand Cart
32:46 Town Watch
35:36 Imperial Age
34:03 Coinage
35:43 Heavy Scorpion
37:13 Conscription
37:40 Crop Rotation
37:26 Town Patrol
38:32 Architecture
38:28 Siege Engineers
43:54 Chemistry
43:26 Architecture
43:11 Fortified Wall
44:13 Banking
43:43 Caravan
43:54 Guilds
PussyMan
1:10 Loom
10:48 Feudal Age
19:58 Castle Age
18:19 Double-Bit Axe
18:19 Horse Collar
18:47 Gold Mining
19:09 Stone Mining
31:39 Imperial Age
31:24 Forging
31:21 Scale Barding Armor
31:06 Fletching
31:17 Padded Archer Armor
31:18 Scale Mail Armor
31:32 Bloodlines
31:23 Husbandry
34:01 Cavalier
34:32 Heavy Scorpion
35:38 Ballistics
36:51 Wheelbarrow
36:50 Murder Holes
41:48 Chemistry
41:20 Bow Saw
41:12 Savar
42:17 Chain Barding Armor
42:32 Iron Casting
42:52 Citadels
42:46 Kamandaran
45:00 Plate Barding Armor
45:26 Blast Furnace
44:42 Chain Mail Armor
44:42 Leather Archer Armor
44:23 Bodkin Arrow
45:15 Conscription
45:50 Elite War Elephant
49:52 Elite Skirmisher
50:37 Thumb Ring
49:53 Crossbowman
52:06 Ring Archer Armor
51:17 Pikeman
51:57 Squires
51:43 Arson
52:28 Halberdier
hardrock
10:18 Feudal Age
8:40 Loom
11:46 Horse Collar
11:52 Double-Bit Axe
17:36 Wheelbarrow
21:15 Castle Age
19:54 Gold Mining
24:18 Padded Archer Armor
24:09 Fletching
25:12 Bloodlines
34:19 Heavy Plow
34:45 Stone Mining
35:47 Leather Archer Armor
35:28 Bodkin Arrow
38:25 Scale Barding Armor
38:31 Forging
46:10 Imperial Age
46:08 Hand Cart
55:23 Heavy Camel Rider
56:42 Town Watch
naps
0:37 Loom
12:45 Feudal Age
17:38 Castle Age
17:02 Double-Bit Axe
19:02 Wheelbarrow
18:50 Bow Saw
20:11 Elite Skirmisher
26:34 Gold Mining
30:28 Imperial Age
31:29 Horse Collar
32:42 Double Crossbow
36:22 Chemistry
38:40 Hand Cart
41:17 Heavy Scorpion
44:36 Light Cavalry
45:26 Bloodlines
45:17 Husbandry
45:35 Hussar
51:12 Forging
51:11 Scale Barding Armor
52:52 Iron Casting
52:38 Chain Barding Armor
55:42 Blast Furnace
55:17 Plate Barding Armor
Connection lost

Rejoining the realm…

Still unreachable

The connection could not be restored.

Session expired

The server has moved on; the page needs a fresh start.